 Dungeon Crawl Stone Soup version 0.16.1-25-gbcee3f8 (webtiles) character file.

70887 drasked the Bludgeoner (level 15, -35/141 HPs)
             Began as a Hill Orc Fighter on May 17, 2015.
             Was the Champion of Beogh.
             Killed from afar by a frost giant (53 damage)
             ... with a bolt of cold
             ... on level 15 of the Dungeon.
             The game lasted 01:32:52 (28877 turns).

drasked the Bludgeoner (Hill Orc Fighter)          Turns: 28877, Time: 01:32:53

Health: -35/141    AC: 19    Str: 26    XL:     15   Next: 34%
Magic:  0/15       EV:  9    Int: 10    God:    Beogh [******]
Gold:   1719       SH: 16    Dex: 10    Spells: 0 memorised, 14 levels left

rFire  + + .     SeeInvis +     E - +2 eveningstar (pain)
rCold  x . .     Clarity  .     C - +1 fire dragon armour {rF++, rC-}
rNeg   . . .     SustAb   .     c - +1 shield
rPois  +         Gourm    .     h - +0 helmet {SInv}
rElec  .         Spirit   +     y - +0 cloak
rCorr  .         Warding  .     (no gloves)
rMut   .         Stasis   .     (no boots)
MR     ++...                    W - amulet of guardian spirit {Spirit}
Stlth  ..........               q - ring of the Eight Planets {rPois Int+2 Stlth+}
                                m - ring of protection from magic {MR+, !d}

@: very resistant to hostile enchantments, extremely unstealthy
A: walk on water
a: Smiting, Recall Orcish Followers, Give Item to Named Follower, Renounce
Religion


You were on level 15 of the Dungeon.
You worshipped Beogh.
Beogh was exalted by your worship.
You were hungry.

You visited 2 branches of the dungeon, and saw 23 of its levels.
You also visited: Trove.

You collected 1719 gold pieces.

Inventory:

Hand weapons
 E - a +2 eveningstar of pain (weapon)
   (You acquired it on level 5 of the Lair of Beasts)
Missiles
 G - 2 throwing nets {=f, !d}
 M - 6 curare-tipped needles
Armour
 c - a +1 shield (worn)
 h - a +0 helmet of see invisible (worn)
   (You found it on level 8 of the Lair of Beasts)
 y - a +0 cloak (worn)
   (You found it on level 3 of the Dungeon)
 C - a +1 fire dragon armour (worn) {rF++, rC-}
   (You found it on level 8 of the Lair of Beasts)
Jewellery
 k - an uncursed ring of protection from fire {rF+, !d}
   (You found it on level 8 of the Lair of Beasts)
 m - a ring of protection from magic (left hand) {MR+, !d}
   (You found it in a treasure trove)
 q - the ring of the Eight Planets (right hand) {rPois Int+2 Stlth+}
   (You found it in a treasure trove)

   [ring of stealth]

   It affects your intelligence (+2).
   It protects you from poison.
   It makes you more stealthy.
 W - an amulet of guardian spirit (around neck) {Spirit}
   (You found it in a treasure trove)
 Z - an uncursed ring of flight {+Fly, !d}
   (You found it in a treasure trove)
Magical devices
 s - a wand of teleportation (5)
   (You found it on level 5 of the Dungeon)
 D - a wand of teleportation (5)
   (You took it off Natasha on level 6 of the Dungeon)
 Q - a wand of fireball (5)
   (You found it on level 5 of the Lair of Beasts)
Scrolls
 a - 4 scrolls of amnesia
 f - a scroll of immolation {!r}
 i - 6 scrolls of identify
 n - 3 scrolls of teleportation
 o - a scroll of torment {unknown}
 p - 2 scrolls of noise {unknown}
 t - 7 scrolls of enchant weapon
 A - a scroll of vulnerability {unknown}
 H - a scroll of blinking {!r}
 J - a scroll of fog
 L - 6 scrolls of remove curse
 N - a scroll of recharging
 O - 6 scrolls of fear
Potions
 b - a potion of magic
 e - 9 potions of might
 g - 3 potions of berserk rage {!q}
 j - a potion of lignification {!q}
 r - 2 potions of beneficial mutation
 u - 14 potions of curing
 v - a potion of cancellation {unknown}
 F - a potion of brilliance
 K - 2 potions of resistance
 S - 5 potions of heal wounds
 X - 2 potions of cure mutation {!q}
 Y - a potion of restore abilities
Miscellaneous
 x - a plain deck of summoning
   (You found it on level 14 of the Dungeon)
Comestibles
 d - 15 meat rations {@e2}
 l - 13 bread rations {@e1}
 w - 17 slices of pizza
 z - 29 fruits
 I - 17 beef jerkies


   Skills:
 + Level 15.0 Fighting
 - Level 16.0 Maces & Flails
 + Level 14.2 Armour
 + Level 13.9 Shields


You had 14 spell levels left.
You didn't know any spells.

Dungeon Overview and Level Annotations

Branches:
Dungeon (15/15)            Temple (0/1) D:6            Lair (8/8) D:9
 Shoals (0/5) Lair:5        Snake (0/5) Lair:5        Slime (0/6) Lair:6
    Orc (0/4) D:12         Vaults (0/5) D:14         Depths (0/5) D:15

Altars:
Cheibriados
Elyvilon
Makhleb
Okawaru
Qazlal
Sif Muna
Trog
Yredelemnul
Zin
Beogh

Shops:
D:13 :

Annotations:
Lair:8 1 runed door


Message History

You take 13 damage, and have 126/139 hp.
You now have 14/15 mp.
The centaur warrior shoots an arrow.
You block the arrow.
Olfrun throws a tomahawk.
The tomahawk hits the centaur warrior!!
The centaur warrior shoots an arrow.
You block the arrow.
You see here 2 arrows.
You hit the centaur warrior.
The centaur warrior unwields an uncursed shortbow.
The centaur warrior hits you but does no damage.
Olfrun roars a battlecry!
Orbeogh goes into a battle-frenzy!
You barely miss the centaur warrior. You block the centaur warrior's attack.
Orbeogh roars a battlecry!
Your orc warrior goes into a battle-frenzy!
All of the chunks of flesh in your inventory have rotted away.
You hit the centaur warrior but do no damage.
The centaur warrior hits you but does no damage.
Olfrun throws a tomahawk.
The tomahawk hits the centaur warrior!!
You hit the centaur warrior. You block the centaur warrior's attack.
You sock the centaur warrior!
You kill the centaur warrior!
Beogh accepts your kill.
Your Fighting skill increases to level 15!
A yaktaur comes into view.
Things that are here:
an uncursed shortbow; 4 arrows; a tomahawk The yaktaur wields an arbalest.
The yaktaur shoots a bolt.
The bolt hits you!!
You see here a bolt.
Failed to move towards target.
Failed to move towards target.
Failed to move towards target.
Failed to move towards target.
Failed to move towards target.
You take 18 damage, and have 109/141 hp.
You now have 13/15 mp.
Failed to move towards target.
Failed to move towards target.
Failed to move towards target.
Failed to move towards target.
Failed to move towards target.
Failed to move towards target.
Failed to move towards target.
Failed to move towards target.
Unknown command.
Failed to move towards target.
Failed to move towards target.
The yaktaur shoots a bolt.
The bolt closely misses you.
The bolt hits Orbeogh!
Ogrik roars a battlecry!
Your orc warrior goes into a battle-frenzy!
The yaktaur shoots a bolt.
The bolt closely misses your orc warrior.
The bolt closely misses you. The bolt hits your orc warrior!!
You swap places.
The yaktaur unwields an uncursed arbalest.
The yaktaur hits you but does no damage.
You hit the yaktaur but do no damage. You block the yaktaur's attack.
You hit the yaktaur but do no damage.
Olfrun roars a battlecry!
Your orcs go into a battle-frenzy!
The yaktaur hits you but does no damage.
You bludgeon the yaktaur!! You sock the yaktaur!
You kill the yaktaur!
Beogh accepts your kill.
Your orc warrior looks more experienced.
Things that are here:
an uncursed arbalest; 13 bolts You open the door.
A frost giant comes into view. It is wielding a battleaxe of freezing.
The frost giant shouts!
The frost giant points at you and mumbles some strange words.
The bolt of cold hits you!
You feel a terrible chill!
Found a staircase to the Depths.
You take 34 damage, and have 79/141 hp.
MASSIVE DAMAGE!!
You now have 10/15 mp.
An orc warrior opens the door.
There is an open door here.
You hit the frost giant. You hit the frost giant.
The frost giant casts a spell at you. The bolt of cold hits you!
You feel a terrible chill!
* * * LOW HITPOINT WARNING * * *
You take 62 damage, and have 17/141 hp.
MASSIVE DAMAGE!!
You now have 2/15 mp.
Olfrun roars a battlecry!
Orbeogh goes into a battle-frenzy!
You swap places.
The frost giant hits Olfrun with a battleaxe of freezing!!
The frost giant freezes Olfrun.
You swap places.
You are feeling hungry.
Something hits the frost giant!
The frost giant casts a spell at you.
The bolt of cold hits Olfrun.
The bolt of cold hits Ogrik.
The bolt of cold hits you!
You feel a terrible chill!
You die...

.......##.#...'...#......)##.##.#
............o.#...#.......##.##.#
.)............#..o'..............
..............#.oo#.......##+##.#
.o##..........#..o#.......##.##.#
..##..........##o.##.............
...o..........###'##.............
..(.........############.........
....o.......#.oo@)...≈≈#.........
............#C###≈≈≈#.≈#.........
............#...#o.....#.........
............#.>.o..≈##.'.........
..........#.#...#......#.........
..........#.#+###≈≈≈#.≈#oo.......
............#..()(((.≈≈#.........
............############.........
..............##..##......##.##..


You could see a frost giant, the friendly Olfrun the orc warlord, the friendly
Ogrik the orc knight (frenzied) and the friendly Orbeogh the orc knight
(frenzied).

Vanquished Creatures
  Maud (Lair:3)
  A fire dragon (Lair:8)
  Fannar (Lair:7)
  5 hydras
  4 centaur warriors
  5 death yaks
  3 unseen horrors
  2 ice devils (D:14)
  A deep elf knight (D:14)
  2 hill giants
  2 wolf spider zombies
  11 ugly things
  A cyclops (D:14)
  A centaur zombie (D:12)
  The ghost of heinrich the Slasher, an experienced OpWr (D:6)
  A manticore (D:15)
  4 komodo dragons
  2 torpor snails (Lair:8)
  3 black mambas
  A gargoyle (D:14)
  6 spiny frogs
  2 kobold demonologists
  2 yaktaurs
  A fire drake (Lair:8)
  2 two-headed ogres (D:14)
  2 trolls (D:9)
  A tengu conjurer (D:11)
  5 ravens
  A trapdoor spider zombie (D:12)
  A slime creature (Lair:7)
  A trapdoor spider (D:14)
  A basilisk (Lair:8)
  A deep elf mage (D:11)
  2 shadows (D:12)
  A centaur simulacrum (D:14)
  A wraith (D:14)
  A wyvern (D:8)
  3 hungry ghosts
  13 yaks
  Grum (D:8)
  3 wolves
  A naga (Lair:5)
  2 mottled dragons (Lair:8)
  3 hippogriffs
  A redback simulacrum (D:14)
  2 wandering mushrooms
  Menkaure (D:5)
  7 porcupines
  2 orc warriors (D:9)
  5 water moccasins
  3 ice beasts
  4 sky beasts
  4 black bears
  8 ogres
  2 phantoms
  A boring beetle (Lair:5)
  9 centaurs
  9 crocodiles
  3 brain worms (Lair:8)
  19 giant frogs
  A wyvern skeleton (D:13)
  2 scorpions
  6 killer bees
  2 electric eels
  A wight (D:15)
  10 hounds
  3 crimson imps
  8 orc priests
  A giant frog skeleton (D:10)
  8 iguanas
  7 jellies
  2 quasits
  4 centaur skeletons
  6 orc wizards
  Natasha (thrice) (D:6)
  12 worker ants
  10 sheep
  Ijyb (D:3)
  A mummy (D:8)
  Robin (D:3)
  13 adders
  3 gnolls
  48 river rats
  6 shadow imps
  2 giant mites
  4 worms
  An adder skeleton (D:9)
  4 giant geckos
  3 oozes (Lair:6)
  19 orcs
  2 ball pythons
  A bat skeleton (D:5)
  4 giant cockroaches
  26 goblins
  12 hobgoblins
  3 jackals (D:3)
  7 quokkas
  7 bats
  4 giant newts
  A giant spore (D:7)
  A jackal skeleton (D:4)
  15 kobolds
  An orc zombie (D:14)
  10 rats
  3 ballistomycetes
  A plant (Lair:8)
479 creatures vanquished.

Vanquished Creatures (collateral kills)
  5 hydras
  A catoblepas (Lair:6)
  An ogre mage (D:14)
  4 centaur warriors
  7 death yaks
  A tengu warrior (D:13)
  Nergalle (Lair:1)
  A skeletal warrior (D:14)
  An orc knight (D:12)
  2 hill giants
  An unseen horror (D:15)
  4 manticores
  17 ugly things
  3 griffons
  A lindwurm (Lair:8)
  5 black mambas
  2 centaur zombies (D:15)
  6 spiny frogs
  An efreet (D:15)
  5 torpor snails
  5 komodo dragons
  2 fire drakes
  A yaktaur (shapeshifter) (D:14)
  A hellwing (D:14)
  3 yaktaurs (D:14)
  2 giant leeches (Lair:8)
  2 tengu conjurers (D:14)
  Sonja (D:11)
  A blink frog (Lair:7)
  4 basilisks
  7 ravens
  A snapping turtle (Lair:5)
  2 wyverns
  16 yaks
  3 deep elf fighters (D:14)
  2 steam dragons (Lair:8)
  A wandering mushroom (Lair:1)
  10 wolves
  A hungry ghost (D:11)
  4 hippogriffs
  8 vampire mosquitoes
  A naga (Lair:5)
  3 ice beasts
  2 porcupines
  2 swamp drakes (Lair:8)
  6 water moccasins
  3 ogres
  3 phantoms
  2 sky beasts
  5 wasps
  An orc warrior (D:9)
  2 black bears
  A necrophage (D:11)
  4 centaurs
  A boring beetle (Lair:5)
  A brain worm (Lair:8)
  5 crocodiles
  12 giant frogs
  2 wyvern skeletons
  4 killer bees
  2 electric eels
  A goliath beetle (D:7)
  2 quasits
  4 wights (D:15)
  A giant frog zombie (D:7)
  5 hounds
  5 crimson imps
  3 orc priests
  A two-headed ogre zombie (D:14)
  2 centaur skeletons
  An elf zombie (D:14)
  Crazy Yiuf (D:7)
  A jelly (Lair:7)
  5 orc wizards
  4 worker ants
  5 iguanas
  10 sheep
  A mummy (D:10)
  33 river rats
  7 adders
  2 gnolls (D:9)
  A shadow imp (D:7)
  15 worms (Lair:8)
  An ufetubus (D:9)
  An orc zombie (D:14)
  A giant gecko (D:6)
  7 orcs
  4 bats
  A goblin (D:7)
  A hobgoblin (D:9)
  3 kobolds
  6 quokkas
  A giant spore (D:9)
  A rat (D:10)
  2 spectral orcs (Lair:1)
  A ballistomycete (D:9)
  A fungus (Lair:5)
  2 plants
351 creatures vanquished.

Vanquished Creatures (others)
  An ice beast (Lair:3)
  A deep elf mage (D:11)
  3 orc warriors
  7 orc priests
  7 orc wizards
  A giant gecko (D:3)
  35 orcs
  A bat (D:3)
  11 fungi
  3 plants
70 creatures vanquished.

Grand Total: 900 creatures vanquished

Notes
Turn   | Place    | Note
--------------------------------------------------------------
     0 | D:1      | drasked, the Hill Orc Fighter, began the quest for the Orb.
     0 | D:1      | Reached XP level 1. HP: 19/19 MP: 1/1
   270 | D:1      | Reached skill level 3 in Maces & Flails
   270 | D:1      | Reached XP level 2. HP: 16/26 MP: 2/2
   801 | D:2      | Reached XP level 3. HP: 31/31 MP: 3/3
   874 | D:2      | Reached skill level 4 in Maces & Flails
   893 | D:2      | Found a white marble altar of Elyvilon.
  1569 | D:2      | Reached XP level 4. HP: 37/39 MP: 4/4
  1932 | D:3      | Became a worshipper of Beogh the Brigand
  2020 | D:3      | Noticed Robin
  2039 | D:3      | Killed Robin
  2039 | D:3      | Reached skill level 5 in Maces & Flails
  2363 | D:3      | Found a burning altar of Makhleb.
  2363 | D:3      | Noticed a green death
  2366 | D:3      | Found a glowing silver altar of Zin.
  2366 | D:3      | Noticed an angel
  2781 | D:3      | Noticed Ijyb
  2812 | D:3      | Killed Ijyb
  2812 | D:3      | Acquired Beogh's first power
  2812 | D:3      | Reached XP level 5. HP: 36/45 MP: 5/5
  3094 | D:4      | Reached skill level 6 in Maces & Flails
  3189 | D:4      | Noticed an ogre
  3202 | D:4      | Killed an ogre
  3202 | D:4      | Reached XP level 6. HP: 28/51 MP: 6/6
  3254 | D:4      | Reached skill level 7 in Maces & Flails
  3713 | D:4      | Noticed an ogre
  3725 | D:4      | Killed an ogre
  3725 | D:4      | Reached skill level 8 in Maces & Flails
  3725 | D:4      | Reached XP level 7. HP: 17/57 MP: 7/7
  4244 | D:5      | Entered Level 5 of the Dungeon
  4244 | D:5      | Noticed Menkaure
  4261 | D:5      | Killed Menkaure
  4261 | D:5      | Reached skill level 9 in Maces & Flails
  4456 | D:5      | Reached XP level 8. HP: 47/64 MP: 8/8
  4471 | D:4      | Reached skill level 10 in Maces & Flails
  4635 | D:5      | Acquired Beogh's second power
  4875 | D:5      | Reached skill level 11 in Maces & Flails
  5384 | D:5      | Found a stormy altar of Qazlal.
  5953 | D:6      | Reached skill level 12 in Maces & Flails
  5967 | D:6      | Reached XP level 9. HP: 64/70 MP: 9/9
  6032 | D:6      | Acquired Beogh's third power
  6091 | D:6      | Noticed Natasha
  6107 | D:6      | Killed Natasha
  6180 | D:6      | Noticed Natasha
  6183 | D:6      | Killed Natasha
  6229 | D:6      | Noticed heinrich's ghost (experienced OpWr)
  6277 | D:6      | Killed heinrich's ghost
  6277 | D:6      | Reached skill level 13 in Maces & Flails
  6333 | D:6      | Noticed Natasha
  6337 | D:6      | Killed Natasha
  6443 | D:6      | Found a bloodstained altar of Trog.
  6457 | D:6      | Gained Bogdan as an ally
  6457 | D:6      | Gained Bogdan as an ally
  6483 | D:6      | Found a staircase to the Ecumenical Temple.
  7042 | D:6      | Reached skill level 14 in Maces & Flails
  7423 | D:7      | Reached XP level 10. HP: 73/77 MP: 10/10
  7466 | D:7      | Found an iron altar of Okawaru.
  7466 | D:7      | Found a basalt altar of Yredelemnul.
  7512 | D:7      | Acquired Beogh's fourth power
  7568 | D:7      | Noticed Crazy Yiuf
  7573 | D:7      | Killed Crazy Yiuf
  8158 | D:8      | Reached skill level 15 in Maces & Flails
  8235 | D:8      | Noticed Grum
  8246 | D:8      | HP: 16/77 [wolf[Grum] (8)]
  8250 | D:8      | Killed Grum
  8389 | D:8      | Identified the Guide on Viperous Confrontation
  9072 | D:9      | Noticed a smoke demon
  9080 | D:9      | HP: 13/78 [smoke demon/ball of steam[a kobold demonologist] (26)]
  9085 | D:9      | Your ally Bogdan died
  9093 | D:9      | Your ally Bogdan died
  9107 | D:9      | HP: 19/78 [shadow imp[a kobold demonologist] (2)]
  9109 | D:9      | Reached skill level 4 in Fighting
  9394 | D:9      | Reached skill level 4 in Shields
  9397 | D:9      | Noticed a death yak
  9402 | D:9      | HP: 16/79 [yak (6)]
  9403 | D:9      | Reached skill level 4 in Armour
  9414 | D:9      | Killed a death yak
  9483 | D:9      | Found a staircase to the Lair.
  9792 | D:9      | Reached skill level 5 in Fighting
  9831 | D:9      | Acquired Beogh's fifth power
  9971 | D:9      | Reached XP level 11. HP: 81/88 MP: 11/11
 10027 | D:9      | Gained Berold as an ally
 10027 | D:9      | Reached skill level 5 in Armour
 10027 | D:9      | Reached skill level 5 in Shields
 10329 | D:9      | Gained Brunolf as an ally
 10462 | Lair:1   | Entered Level 1 of the Lair of Beasts
 10775 | Lair:1   | Noticed Nergalle
 10789 | Lair:1   | Noticed a spectral orc warlord
 10807 | Lair:1   | Killed Nergalle
 10902 | Lair:1   | Reached skill level 16 in Maces & Flails
 11296 | Lair:1   | Reached skill level 6 in Fighting
 11766 | Lair:1   | Reached skill level 6 in Armour
 11766 | Lair:1   | Reached skill level 6 in Shields
 12812 | Lair:2   | Reached skill level 7 in Fighting
 13326 | Lair:3   | Reached skill level 7 in Armour
 13326 | Lair:3   | Reached skill level 7 in Shields
 13389 | Lair:3   | Noticed a death yak
 13389 | Lair:3   | Noticed a death yak
 13390 | Lair:3   | Noticed a death yak
 13390 | Lair:3   | Noticed a death yak
 13391 | Lair:3   | Noticed a death yak
 13404 | Lair:3   | Your ally Berold died
 13406 | Lair:3   | HP: 12/92 [death yak (16)]
 13414 | Lair:3   | Your ally Brunolf died
 13776 | Lair:3   | Noticed Maud
 13795 | Lair:3   | HP: 22/92 [Maud/enchanted scimitar (16)]
 13805 | Lair:3   | Killed Maud
 14130 | Lair:3   | Noticed a seven-headed hydra
 14138 | Lair:3   | Killed a seven-headed hydra
 14138 | Lair:3   | Reached skill level 8 in Fighting
 14189 | Lair:3   | Killed a death yak
 14189 | Lair:3   | Reached skill level 8 in Shields
 14189 | Lair:3   | Reached XP level 12. HP: 85/103 MP: 12/12
 14192 | Lair:3   | Reached skill level 8 in Armour
 14202 | Lair:3   | Killed a death yak
 14205 | Lair:3   | Killed a death yak
 14218 | Lair:3   | Killed a death yak
 14218 | Lair:3   | Reached skill level 9 in Fighting
 14230 | Lair:3   | HP: 24/104 [death yak (6)]
 14231 | Lair:3   | Killed a death yak
 14598 | Lair:3   | Gained Olfrun as an ally
 14791 | Lair:3   | Noticed a four-headed hydra
 14797 | Lair:3   | Killed a four-headed hydra
 15097 | Lair:3   | Reached skill level 9 in Armour
 15165 | Lair:4   | Reached skill level 9 in Shields
 15359 | Lair:4   | Noticed a death yak
 15371 | Lair:4   | Killed a death yak
 15750 | Lair:4   | Noticed a death yak
 15766 | Lair:4   | Killed a death yak
 15769 | Lair:4   | Reached skill level 10 in Fighting
 15779 | Lair:4   | HP: 26/106 [poisoned by a spiny frog]
 15784 | Lair:4   | HP: 21/106 [poisoned by a spiny frog]
 15789 | Lair:4   | HP: 16/106 [poisoned by a spiny frog]
 15795 | Lair:4   | HP: 14/106 [poisoned by a spiny frog]
 15801 | Lair:4   | HP: 12/106 [poisoned by a spiny frog]
 15806 | Lair:4   | HP: 12/106 [poisoned by a spiny frog]
 15814 | Lair:4   | HP: 12/106 [poisoned by a spiny frog]
 16118 | Lair:4   | Noticed a death yak
 16128 | Lair:4   | Killed a death yak
 16146 | Lair:4   | Noticed a four-headed hydra
 16153 | Lair:4   | Killed a four-headed hydra
 17193 | Lair:5   | Identified a scroll of acquirement
 17218 | Lair:5   | Found a staircase to the Snake Pit.
 17452 | Lair:5   | Reached skill level 10 in Shields
 17498 | Lair:5   | Noticed a four-headed hydra
 17506 | Lair:5   | Killed a four-headed hydra
 17506 | Lair:5   | Reached skill level 10 in Armour
 17506 | Lair:5   | Reached XP level 13. HP: 83/114 MP: 13/13
 17746 | Lair:5   | Found a staircase to the Shoals.
 18530 | Lair:6   | Reached skill level 11 in Fighting
 18738 | Lair:6   | Found a staircase to the Slime Pits.
 19140 | Lair:6   | Identified a +1 rod of destruction (11/11) (You found it on level 5 of the Lair of Beasts)
 19188 | Lair:7   | Noticed Fannar
 19202 | Lair:7   | Killed Fannar
 19515 | Lair:7   | Found a staircase to the Slime Pits.
 19519 | Lair:7   | Reached skill level 11 in Armour
 19667 | Lair:7   | Reached skill level 11 in Shields
 19733 | Lair:7   | Found a deep blue altar of Sif Muna.
 20614 | Lair:8   | Entered Level 8 of the Lair of Beasts
 20618 | Lair:8   | Reached skill level 12 in Fighting
 21307 | Lair:8   | HP: 27/119 [komodo dragon (17)]
 22418 | Lair:8   | Found a runed door.
 22439 | Lair:8   | Reached skill level 12 in Armour
 22450 | Lair:8   | Reached XP level 14. HP: 127/127 MP: 14/14
 22482 | Lair:8   | Reached skill level 12 in Shields
 22647 | Lair:8   | Got a faintly glowing plate armour
 22657 | Lair:8   | Identified the cursed -1 plate armour of Schaiwan {-Cast rPois rN+ Int+3} (You found it on level 8 of the Lair of Beasts)
 23066 | D:10     | Entered Level 10 of the Dungeon
 23258 | D:10     | Found a portal to a secret trove of treasure.
 23283 | D:10     | You paid a toll of 6 potions of haste to enter a treasure trove
 23284 | Trove    | Entered a treasure trove
 23319 | Trove    | Got a heavily runed iron ring
 23325 | Trove    | Got an ancient pewter ring
 23333 | Trove    | Identified the ring "Fri Femu" {+/*Tele rN+ Stlth+} (You found it in a treasure trove)
 23335 | Trove    | Identified the ring of the Eight Planets {rPois Int+2 Stlth+} (You found it in a treasure trove)
 23354 | Trove    | Got a twitching wooden ring
 23359 | Trove    | Identified the ring "Ceskus" {-Tele rF+ Int+3 Dex+3} (You found it in a treasure trove)
 23673 | D:10     | Reached skill level 13 in Fighting
 24398 | D:11     | Noticed Sonja
 24409 | D:11     | Killed Sonja
 25033 | D:12     | Found a roughly hewn altar of Beogh.
 25033 | D:12     | Found a staircase to the Orcish Mines.
 25040 | D:12     | Gained Orgrim as an ally
 25157 | D:12     | Gained Syrus as an ally
 25175 | D:12     | Gained Borgoth as an ally
 25776 | D:13     | Gained Ogrik as an ally
 26151 | D:13     | Found Kluel's Book Shop.
 26166 | D:13     | Gained Hilgar as an ally
 26319 | D:13     | Reached skill level 13 in Armour
 26690 | D:14     | Reached skill level 13 in Shields
 26692 | D:14     | Reached skill level 14 in Fighting
 27049 | D:14     | Found a gate to the Vaults.
 27130 | D:14     | Found a frozen archway.
 27858 | D:14     | Reached XP level 15. HP: 131/139 MP: 15/15
 28035 | D:15     | Entered Level 15 of the Dungeon
 28353 | D:15     | Found a snail-covered altar of Cheibriados.
 28367 | D:15     | Reached skill level 14 in Armour
 28603 | D:15     | Gained Orbeogh as an ally
 28854 | D:15     | Reached skill level 15 in Fighting
 28871 | D:15     | Found a staircase to the Depths.
 28871 | D:15     | Noticed a frost giant
 28874 | D:15     | HP: 17/141 [frost giant/bolt of cold (62)]
 28877 | D:15     | Killed from afar by a frost giant

Action                   |  1- 3 |  4- 6 |  7- 9 | 10-12 | 13-15 || total
-------------------------+-------+-------+-------+-------+-------++-------
Melee: Flail             |    77 |   201 |   389 |   750 |       ||  1417
       Eveningstar       |       |       |       |    42 |   881 ||   923
Invok: Convert to Beogh  |       |     1 |       |       |       ||     1
       Recall Orcish Fol |       |       |       |     3 |     4 ||     7
       Stop Recall       |       |       |       |     1 |     1 ||     2
Evoke: Wand              |       |       |       |     1 |       ||     1
  Use: Scroll            |       |       |    10 |    20 |     6 ||    36
       Potion            |       |       |       |     3 |       ||     3
 Stab: Distracted        |       |       |     1 |     6 |     4 ||    11
       Fleeing           |       |       |       |     1 |       ||     1
  Eat: Chunk             |     2 |     7 |    13 |    42 |    26 ||    90
       Royal jelly       |       |       |     1 |     2 |     2 ||     5

Vault maps used:
D:1:      sevenhm_arrival_forest_fort_large_4, hex_intersection, minmay_bisected
D:2:      elyvilon_altar_5, first_bread, kennysheep_cross_room
D:3:      kennysheep_goblin_castle, grunt_temple_overflow_order_and_chaos_2,
          uniq_robin
D:4:      wad_woods_tower
D:5:      grunt_qazlal_sundering, uniq_menkaure
D:6:      black_bear_nest_2, trog_ov_bears_minmay, minmay_temple_entry_glass,
          uniq_iyjb, uniq_natasha
D:7:      lemuel_ice_spiral_2, gammafunk_temple_overflow_wave,
          uniq_crazy_yiuf_cottage
D:8:      roderic_ravens_nest, uniq_grum
D:9:      minmay_opposing_rooms, dpeg_lair_monsters
D:10:     enter_trove_0, grunt_pizzeria
D:11:     evilmike_butchery, uniq_sonja
D:12:     david_orc_5
D:13:     serial_shops, shop
D:14:     hangedman_vaults_entry_quadrant_bands, roderic_curled_sauvastika,
          portal_ice_cave_demonic_guard
D:15:     grunt_enter_depths_snipers, basic_altar, serial_park_square2,
          solitary_fountain
Lair:1:   fungi_pond_lemuel, uniq_nergalle
Lair:2:   columned_hall_lemuel
Lair:3:   serial_bayou_shore_a, infiniplex_staircase_pool_2, uniq_maud
Lair:4:   beast_lair_carwin_3
Lair:5:   minmay_shoals_entry_hut, guppyfry_snake_entry_garden,
          small_statue_intersection
Lair:6:   nicolae_slime_entry_slimehenge, serial_pond, minmay_pond_plants_l,
          minmay_pond_fungi_d, lemuel_fruit_tree, infiniplex_staircase_pool
Lair:7:   minmay_slime_entry_pillars, basic_altar, uniq_fannar
Lair:8:   wormcave, guppyfry_lair_end_dragon, grunt_megastairs_3
Trove:    trove_jewel_1

Table legend:
 A = Turns spent in this place as a percentage of turns spent in the entire game.
 B = Non-inter-level travel turns spent in this place as a percentage of non-inter-level travel turns spent in the entire game.
 C = Inter-level travel turns spent in this place as a percentage of turns spent in this place.
 D = Turns resting spent in this place as a percentage of non-inter-level travel turns spent in this place.
 E = Turns spent auto-exploring this place as a percentage of non-inter-level travel turns spent in this place.
 F = Non-inter-level travel turns spent in this place divided by the number of levels of this place that you've seen.
                   A       B       C       D       E      F
               +-------+-------+-------+-------+-------+----------------------
         Total | 100.0 | 100.0 |   0.7 |   2.3 |   7.0 | 556.2
       Dungeon |  61.8 |  61.8 |   0.7 |   2.2 |   7.5 | 549.9
          Lair |  37.2 |  37.2 |   0.7 |   2.5 |   6.3 | 621.0
         Trove |   1.0 |   1.0 |   0.0 |   0.0 |   0.0 | 132.0
               +-------+-------+-------+-------+-------+----------------------

Table legend:
 A = Kills in this place as a percentage of kills in entire the game.
 B = Kills by you in this place as a percentage of kills by you in the entire game.
 C = Kills by friends in this place as a percentage of kills by friends in the entire game.
 D = Other kills in this place as a percentage of other kills in the entire game.
 E = Experience gained in this place as a percentage of experience gained in the entire game.
 F = Experience gained in this place divided by the number of levels of this place that you have seen.
                   A       B       C       D       E      F
               +-------+-------+-------+-------+-------+----------------------
         Total | 100.0 | 100.0 | 100.0 | 100.0 | 100.0 | 4219.5
       Dungeon |  58.2 |  66.8 |  45.9 | 100.0 |  54.3 | 3662.7
          Lair |  41.8 |  33.2 |  54.1 |   0.0 |  45.7 | 5790.9
               +-------+-------+-------+-------+-------+----------------------
